SOB
MAZATLAN PLAYAS @ PUERTO BARRIOS GENERALS
01/05/1982
 
TOP OF THE 1ST
Mazatlan Playas batting - Pitching for Puerto Barrios Generals : RHP Bill Aguilar
Pitching: RHP Bill Aguilar
Batting: RHB Dave Stegman 0-0: Ball
1-0: Foul Ball, location: 2F
1-1: Called Strike
1-2: Ball
2-2: Ball
3-2: Strikes out swinging
Batting: SHB Howard Johnson 0-0: Ball
1-0: Foul Ball, location: 2F
1-1: Ball
2-1: Ball
3-1: Base on Balls
Batting: LHB Leon Durham 0-0: Ball
Howard Johnson steals 2nd base
1-0: Fly out, F7 (Line Drive, 7D, EV 88.8 MPH)
Batting: RHB Kevin Mitchell 0-0: Ball
1-0: Ground out 6-3 (Groundball, 6, EV 106.3 MPH)
Top of the 1st over - 0 runs, 0 hits, 0 errors, 1 left on base; Mazatlan 0 - Puerto Barrios 0
BOTTOM OF THE 1ST
Puerto Barrios Generals batting - Pitching for Mazatlan Playas : RHP Ken Dixon
Pitching: RHP Ken Dixon
Batting: SHB Vince Coleman 0-0: Ground out 6-3 (Groundball, 6, EV 102.5 MPH)
Batting: LHB Andy Guerrero 0-0: Ball
1-0: Ball
2-0: Foul Ball, location: 2F
2-1: Ball
3-1: Called Strike
3-2: Ground out U3 (Groundball, 3, EV 106.9 MPH)
Batting: LHB Ty Gainey 0-0: Ball
1-0: Called Strike
1-1: Ball
2-1: Ball
3-1: Base on Balls
Batting: LHB Randy Bush 0-0: Called Strike
0-1: Foul Ball, location: 2F
0-2: Fly out, F8 (Flyball, 8RXD, EV 98.1 MPH)
Bottom of the 1st over - 0 runs, 0 hits, 0 errors, 1 left on base; Mazatlan 0 - Puerto Barrios 0
TOP OF THE 2ND
Mazatlan Playas batting - Pitching for Puerto Barrios Generals : RHP Bill Aguilar
Batting: LHB Mike Greenwell 0-0: Foul Ball, location: 2F
0-1: Ground out 4-3 (Groundball, 4, EV 83.8 MPH)
Batting: LHB Matt Winters 0-0: Ball
1-0: Swinging Strike
1-1: Fly out, F9 (Flyball, 9LM, EV 85.0 MPH)
Batting: LHB Daryl Boston 0-0: Ball
1-0: Ball
2-0: Called Strike
2-1: Ball
3-1: Base on Balls
Batting: LHB Max Venable 0-0: Ball
1-0: Ball
Daryl Boston steals 2nd base
2-0: Swinging Strike
2-1: Foul Ball, location: 2F
2-2: Fly out, F8 (Flyball, 8RXD, EV 103.8 MPH)
Top of the 2nd over - 0 runs, 0 hits, 0 errors, 1 left on base; Mazatlan 0 - Puerto Barrios 0
BOTTOM OF THE 2ND
Puerto Barrios Generals batting - Pitching for Mazatlan Playas : RHP Ken Dixon
Batting: LHB George Johnson 0-0: Ball
1-0: Swinging Strike
1-1: Ball
2-1: Ball
3-1: Foul Ball, location: 2F
3-2: Base on Balls
Batting: SHB Doug Baker 0-0: Fielders Choice at 2nd, 6-4 (Groundball, 6, EV 86.3 MPH)
Batting: LHB Clay Hill 0-0: Foul Ball, location: 2F
0-1: Ball
1-1: Ball
2-1: Ball
3-1: DOUBLE (Flyball, 78D, EV 108.8 MPH)
Doug Baker to third
Batting: RHB Mark Sproesser 0-0: Swinging Strike
0-1: Foul Ball, location: 2F
0-2: Foul Ball, location: 2F
0-2: Ball
1-2: Fly out, F4 (Flyball, 3D, EV 90.6 MPH)
Batting: LHB Alex Mata 0-0: Ball
1-0: Swinging Strike
1-1: Swinging Strike
1-2: Ball
2-2: Ball
3-2: Base on Balls
Batting: SHB Vince Coleman 0-0: Called Strike
0-1: Fly out, F7 (Flyball, 78D, EV 72.5 MPH)
Bottom of the 2nd over - 0 runs, 1 hit, 0 errors, 3 left on base; Mazatlan 0 - Puerto Barrios 0
TOP OF THE 3RD
Mazatlan Playas batting - Pitching for Puerto Barrios Generals : RHP Bill Aguilar
Batting: SHB Donnie Scott 0-0: Ball
1-0: Swinging Strike
1-1: Ball
2-1: Fly out, F7 (Flyball, 7, EV 88.1 MPH)
Batting: RHB Dave Stegman 0-0: Ball
1-0: Fly out, F9 (Flyball, 9LM, EV 95.6 MPH)
Batting: SHB Howard Johnson 0-0: Ball
1-0: Called Strike
1-1: Ball
2-1: Foul Ball, location: 2F
2-2: Foul Ball, location: 2F
2-2: Ball
3-2: Foul Ball, location: 2F
3-2: Base on Balls
Batting: LHB Leon Durham 0-0: Ball
1-0: Called Strike
1-1: TRIPLE (Flyball, 78XD, EV 110.0 MPH)
Howard Johnson scores
Batting: RHB Kevin Mitchell 0-0: Ball
1-0: Ball
2-0: Fly out, F7 (Flyball, 7S, EV 85.6 MPH)
Top of the 3rd over - 1 run, 1 hit, 0 errors, 1 left on base; Mazatlan 1 - Puerto Barrios 0
BOTTOM OF THE 3RD
Puerto Barrios Generals batting - Pitching for Mazatlan Playas : RHP Ken Dixon
Batting: LHB Andy Guerrero 0-0: Swinging Strike
0-1: Foul Ball, location: 2F
0-2: Fly out, F8 (Flyball, 8RM, EV 78.8 MPH)
Batting: LHB Ty Gainey 0-0: Swinging Strike
0-1: SINGLE (Groundball, 4S, EV 65.0 MPH) (infield hit)
Batting: LHB Randy Bush 0-0: Ball
1-0: Foul Ball, location: 2F
1-1: Called Strike
1-2: Ball
2-2: Ball
3-2: Base on Balls
Ty Gainey to second
Batting: LHB George Johnson 0-0: Fielders Choice at 2nd, 4-6 (Groundball, 4, EV 84.4 MPH)
Ty Gainey to third
Batting: SHB Doug Baker 0-0: Ball
1-0: Called Strike
1-1: Swinging Strike
1-2: Foul Ball, location: 2F
1-2: Ball
2-2: Ball
3-2: Foul Ball, location: 2F
3-2: Foul Ball, location: 2F
3-2: Base on Balls
George Johnson to second
Batting: LHB Clay Hill 0-0: Ball
1-0: Foul Ball, location: 2F
1-1: Ball
2-1: Foul Ball, location: 2F
2-2: Ball
Wild Pitch!
Ty Gainey scores
George Johnson to third
Doug Baker to second
3-2: Strikes out swinging
Bottom of the 3rd over - 1 run, 1 hit, 0 errors, 2 left on base; Mazatlan 1 - Puerto Barrios 1
TOP OF THE 4TH
Mazatlan Playas batting - Pitching for Puerto Barrios Generals : RHP Bill Aguilar
Batting: LHB Mike Greenwell 0-0: Called Strike
0-1: Ball
1-1: SINGLE (Flyball, 5D, EV 83.8 MPH)
Batting: LHB Matt Winters 0-0: Ball
1-0: Called Strike
1-1: Ball
2-1: Fly out, F5 (Popup, 5, EV 57.5 MPH)
Batting: LHB Daryl Boston 0-0: SINGLE (Line Drive, 7S, EV 95.6 MPH)
Mike Greenwell to second
Batting: LHB Max Venable 0-0: Ball
1-0: Called Strike
1-1: Foul Ball, location: 2F
1-2: Ball
2-2: Ball
3-2: Foul Ball, location: 2F
3-2: Base on Balls
Mike Greenwell to third
Daryl Boston to second
Batting: SHB Donnie Scott 0-0: Called Strike
0-1: Swinging Strike
0-2: Strikes out looking
Batting: RHB Dave Stegman 0-0: Called Strike
0-1: Ground out 2-3 (Groundball, 2L, EV 68.1 MPH)
Top of the 4th over - 0 runs, 2 hits, 0 errors, 3 left on base; Mazatlan 1 - Puerto Barrios 1
BOTTOM OF THE 4TH
Puerto Barrios Generals batting - Pitching for Mazatlan Playas : RHP Ken Dixon
Batting: RHB Mark Sproesser 0-0: Ball
1-0: SINGLE (Groundball, 34D, EV 96.3 MPH)
Batting: LHB Alex Mata 0-0: Ball
1-0: Fly out, F8 (Flyball, 8RS, EV 75.6 MPH)
Batting: SHB Vince Coleman 0-0: Foul Ball, location: 2F
0-1: Fly out, F8 (Line Drive, 8LD, EV 104.4 MPH)
Batting: LHB Andy Guerrero 0-0: Ball
1-0: Ball
2-0: Ball
3-0: Called Strike
3-1: Foul Ball, location: 2F
3-2: Base on Balls
Mark Sproesser to second
Batting: LHB Ty Gainey 0-0: Called Strike
0-1: Ball
1-1: Foul Ball, location: 2F
1-2: Foul Ball, location: 2F
1-2: Strikes out looking
Bottom of the 4th over - 0 runs, 1 hit, 0 errors, 2 left on base; Mazatlan 1 - Puerto Barrios 1
TOP OF THE 5TH
Mazatlan Playas batting - Pitching for Puerto Barrios Generals : RHP Bill Aguilar
Batting: SHB Howard Johnson 0-0: Ball
1-0: Ball
2-0: Ball
3-0: Foul Ball, location: 2F
3-1: Foul Ball, location: 2F
3-2: Foul Ball, location: 2F
3-2: Foul Ball, location: 2F
3-2: Base on Balls
Batting: LHB Leon Durham 0-0: Called Strike
0-1: Ball
1-1: Swinging Strike
1-2: Ball
2-2: SINGLE (Groundball, 4D, EV 105.0 MPH)
Howard Johnson to second
Runner from 2nd tries for 3rd, SAFE, no throw by RF
Batting: RHB Kevin Mitchell 0-0: Ball
1-0: Ball
2-0: Fly out, F8 (Flyball, 8RXD, EV 105.0 MPH)
Runner from 3rd tags up, SCORES, no throw by CF
Batting: LHB Mike Greenwell 0-0: Called Strike
0-1: Ball
1-1: Ball
Leon Durham is caught stealing 2nd base 2-6
2-1: Foul Ball, location: 2F
2-2: SINGLE (Groundball, 6MD, EV 107.5 MPH)
Batting: LHB Matt Winters 0-0: Called Strike
0-1: Ball
1-1: Foul Ball, location: 2F
1-2: Strikes out swinging
Top of the 5th over - 1 run, 2 hits, 0 errors, 1 left on base; Mazatlan 2 - Puerto Barrios 1
BOTTOM OF THE 5TH
Puerto Barrios Generals batting - Pitching for Mazatlan Playas : RHP Ken Dixon
Batting: LHB Randy Bush 0-0: Foul Ball, location: 2F
0-1: Ball
1-1: Ball
2-1: Ball
3-1: SINGLE (Groundball, 56D, EV 104.4 MPH)
Batting: LHB George Johnson 0-0: Fly out, F8 (Flyball, 8RD, EV 98.8 MPH)
Batting: SHB Doug Baker 0-0: Ball
1-0: Swinging Strike
1-1: Called Strike
1-2: Fly out, F8 (Flyball, 78D, EV 91.3 MPH)
Batting: LHB Clay Hill 0-0: Called Strike
0-1: Ball
1-1: Ball
2-1: Swinging Strike
2-2: Ground out 4-3 (Groundball, 4, EV 81.3 MPH)
Bottom of the 5th over - 0 runs, 1 hit, 0 errors, 1 left on base; Mazatlan 2 - Puerto Barrios 1
TOP OF THE 6TH
Mazatlan Playas batting - Pitching for Puerto Barrios Generals : RHP Bill Aguilar
Batting: LHB Daryl Boston 0-0: Ball
1-0: Ball
2-0: Ball
3-0: Called Strike
3-1: Called Strike
3-2: Base on Balls
Batting: LHB Max Venable 0-0: Ball
Daryl Boston steals 2nd base
1-0: Ball
2-0: Called Strike
2-1: Fly out, F9 (Flyball, 9, EV 91.3 MPH)
Batting: SHB Donnie Scott 0-0: Ball
1-0: Called Strike
1-1: Ball
2-1: DOUBLE (Flyball, 89D, EV 89.4 MPH)
Daryl Boston scores
Batting: RHB Dave Stegman 0-0: Ball
1-0: Ball
2-0: Ball
3-0: Called Strike
3-1: SINGLE (Line Drive, 8LS, EV 93.8 MPH)
Donnie Scott to third
Runner from 3rd tries for Home, SAFE, throw by CF to home
Batting: SHB Howard Johnson 0-0: Foul Ball, location: 2F
0-1: SINGLE (Popup, 25F, EV 85.6 MPH)
Dave Stegman to second
Batting: LHB Leon Durham 0-0: Fielders Choice at 2nd, 5-4 (Groundball, 5, EV 90.0 MPH)
Dave Stegman to third
Batting: RHB Kevin Mitchell 0-0: Called Strike
0-1: Ball
1-1: SINGLE (Groundball, 15S, EV 65.0 MPH) (infield hit)
Dave Stegman scores
Leon Durham to second
Pitching: RHP Mark Parker
Batting: LHB Mike Greenwell 0-0: Foul Ball, location: 2F
0-1: Ball
1-1: Fly out, F3 (Line Drive, 3, EV 66.3 MPH)
Top of the 6th over - 3 runs, 4 hits, 0 errors, 2 left on base; Mazatlan 5 - Puerto Barrios 1
BOTTOM OF THE 6TH
Puerto Barrios Generals batting - Pitching for Mazatlan Playas : RHP Ken Dixon
Pitching: RHP Pete Hamm
Batting: RHB Mark Sproesser 0-0: Called Strike
0-1: SINGLE (Groundball, 56, EV 107.5 MPH)
Batting: LHB Alex Mata 0-0: Fielders Choice at 2nd, 6-4 (Groundball, 6M, EV 86.9 MPH)
Batting: SHB Vince Coleman 0-0: Ball
1-0: Ball
2-0: SINGLE (Line Drive, 89S, EV 90.0 MPH)
Alex Mata to second
Runner from 2nd tries for 3rd, SAFE, no throw by RF
Batting: LHB Andy Guerrero 0-0: Called Strike
0-1: Fly out, F8 (Flyball, 8LXD, EV 98.1 MPH)
Runner from 3rd tags up, SCORES, no throw by CF
Batting: LHB Ty Gainey 0-0: Ball
1-0: SINGLE (Line Drive, 56D, EV 95.0 MPH)
Vince Coleman to second
Runner from 2nd tries for 3rd, SAFE, throw by LF made to third
Batting: LHB Randy Bush 0-0: Hit by Pitch
Ty Gainey to second
Batting: LHB George Johnson 0-0: Ball
1-0: Foul Ball, location: 2F
1-1: Ball
2-1: Ball
3-1: Base on Balls
Vince Coleman scores
Ty Gainey to third
Randy Bush to second
Batting: SHB Doug Baker 0-0: Ball
1-0: Ball
2-0: Swinging Strike
2-1: Fly out, F8 (Line Drive, 8LD, EV 94.4 MPH)
Bottom of the 6th over - 2 runs, 3 hits, 0 errors, 3 left on base; Mazatlan 5 - Puerto Barrios 3
TOP OF THE 7TH
Mazatlan Playas batting - Pitching for Puerto Barrios Generals : RHP Mark Parker
Batting: LHB Matt Winters 0-0: Fly out, F4 (Popup, 4, EV 71.9 MPH)
Batting: LHB Daryl Boston 0-0: Called Strike
0-1: Called Strike
0-2: Ball
1-2: Strikes out swinging
Batting: LHB Max Venable 0-0: SINGLE (Flyball, 7LS, EV 83.1 MPH)
Batting: SHB Donnie Scott 0-0: Ball
1-0: Called Strike
1-1: Swinging Strike
1-2: SINGLE (Line Drive, 56D, EV 101.3 MPH)
Max Venable to second
Runner from 2nd tries for 3rd, SAFE, throw by LF made to third
Batting: RHB Dave Stegman 0-0: Ball
1-0: Foul Ball, location: 2F
1-1: Ball
2-1: Foul Ball, location: 2F
2-2: Ball
3-2: Foul Ball, location: 2F
3-2: Fly out, F8 (Flyball, 8RD, EV 93.1 MPH)
Top of the 7th over - 0 runs, 2 hits, 0 errors, 2 left on base; Mazatlan 5 - Puerto Barrios 3
BOTTOM OF THE 7TH
Puerto Barrios Generals batting - Pitching for Mazatlan Playas : RHP Pete Hamm
Batting: LHB Clay Hill 0-0: Ground out 5-3 (Groundball, 56, EV 91.9 MPH)
Batting: RHB Mark Sproesser 0-0: Fly out, F9 (Flyball, 9, EV 89.4 MPH)
Batting: LHB Alex Mata 0-0: Fly out, F8 (Flyball, 8LD, EV 95.0 MPH)
Bottom of the 7th over - 0 runs, 0 hits, 0 errors, 0 left on base; Mazatlan 5 - Puerto Barrios 3
TOP OF THE 8TH
Mazatlan Playas batting - Pitching for Puerto Barrios Generals : RHP Mark Parker
Batting: SHB Howard Johnson 0-0: Ball
1-0: Foul Ball, location: 2F
1-1: Called Strike
1-2: Ball
2-2: Foul Ball, location: 2F
2-2: Ball
3-2: Base on Balls
Batting: LHB Leon Durham 0-0: Called Strike
Howard Johnson is caught stealing 2nd base 2-6
0-1: Ball
1-1: Swinging Strike
1-2: Foul Ball, location: 2F
1-2: Ball
2-2: Fly out, F7 (Flyball, 7D, EV 74.4 MPH)
Batting: RHB Kevin Mitchell 0-0: Called Strike
0-1: Called Strike
0-2: Foul Ball, location: 2F
0-2: Ball
1-2: Fly out, F9 (Flyball, 9LD, EV 106.3 MPH)
Top of the 8th over - 0 runs, 0 hits, 0 errors, 0 left on base; Mazatlan 5 - Puerto Barrios 3
BOTTOM OF THE 8TH
Puerto Barrios Generals batting - Pitching for Mazatlan Playas : RHP Pete Hamm
Batting: SHB Vince Coleman 0-0: Ball
1-0: Swinging Strike
1-1: Foul Ball, location: 2F
1-2: Strikes out swinging
Batting: LHB Andy Guerrero 0-0: Fly out, F8 (Flyball, 8RM, EV 85.6 MPH)
Batting: LHB Ty Gainey 0-0: Ground out 6-3 (Groundball, 56, EV 83.8 MPH)
Bottom of the 8th over - 0 runs, 0 hits, 0 errors, 0 left on base; Mazatlan 5 - Puerto Barrios 3
TOP OF THE 9TH
Mazatlan Playas batting - Pitching for Puerto Barrios Generals : RHP Mark Parker
Batting: LHB Mike Greenwell 0-0: Fly out, F8 (Flyball, 89XD, EV 101.9 MPH)
Batting: LHB Matt Winters 0-0: Ball
1-0: Called Strike
1-1: Ball
2-1: Ball
3-1: Ground out 6-3 (Groundball, 6, EV 88.1 MPH)
Batting: LHB Daryl Boston 0-0: Ground out 1-3 (Groundball, P, EV 69.4 MPH)
Top of the 9th over - 0 runs, 0 hits, 0 errors, 0 left on base; Mazatlan 5 - Puerto Barrios 3
BOTTOM OF THE 9TH
Puerto Barrios Generals batting - Pitching for Mazatlan Playas : RHP Pete Hamm
Pitching: RHP Mike Allen
Now at 1B: Richard Busby
Now at 3B: John Freitas
Now at SS: Dan Rohn
Now in RF: Mike Fuentes
Batting: LHB Randy Bush 0-0: Fly out, F8 (Flyball, 8RS, EV 93.1 MPH)
Batting: LHB George Johnson 0-0: Swinging Strike
0-1: Ball
1-1: Foul Ball, location: 2F
1-2: Strikes out swinging
Batting: SHB Doug Baker 0-0: Called Strike
0-1: Ball
1-1: Called Strike
1-2: Ball
2-2: Hit by Pitch
Batting: LHB Clay Hill 0-0: Ball
1-0: Called Strike
1-1: Swinging Strike
1-2: Fly out, F9 (Flyball, 9, EV 80.0 MPH)
Bottom of the 9th over - 0 runs, 0 hits, 0 errors, 1 left on base; Mazatlan 5 - Puerto Barrios 3
Tuesday, July 7th, 2020 - OOTP Baseball 21.4 Build 63